 Dungeon Crawl Stone Soup version 0.28-a0-1184-g53156a8862 (webtiles) character file.

Game seed: 14706858967009380829

869 fragbeetle the Ruffian (level 7, -2/52 HPs)
             Began as a Red Draconian Transmuter on Dec 18, 2021.
             Was an Initiate of Makhleb.
             Engulfed by a steam dragon's steam (8 damage)
             ... on level 6 of the Dungeon.
             The game lasted 00:15:42 (5684 turns).

fragbeetle the Ruffian (Red Draconian Transmuter)   Turns: 5684, Time: 00:15:43

Health: -2/52      AC:  2    Str: 14    XL:     7   Next: 73%
Magic:  7/10       EV: 19    Int: 14    God:    Makhleb [......]
Gold:   271        SH:  0    Dex: 16    Spells: 2/10 levels left

rFire   . . .      SeeInvis .     - Unarmed
rCold   . . .      Faith    .   (shield currently unavailable)
rNeg    + . .      Spirit   .   (armour unavailable)
rPois   x          Reflect  .   (helmet currently unavailable)
rElec   .          Harm     .   (cloak currently unavailable)
rCorr   .          Rampage  .   (gloves currently unavailable)
Will    .....                   (boots currently unavailable)
Stlth   +.........              (no amulet)
HPRegen 0.17/turn               b - ring of positive energy
MPRegen 0.12/turn               p - ring of flight

@: spider-form, flying
A: venomous fangs, (breathe fire), AC +6, tiny, unfitting armour, (fire
resistance 1), (cold-blooded)
a: End Transformation, Renounce Religion


You were on level 6 of the Dungeon.
You worshipped Makhleb.
Makhleb was noncommittal.
You were a venomous arachnid creature.
You visited 2 branches of the dungeon, and saw 7 of its levels.

You collected 271 gold pieces.

Inventory:

Hand Weapons
 a - a +4 hunting sling
 r - the +10 whip of Impatience {venom, Dex+5}
   (You found it on level 4 of the Dungeon)

   It poisons the flesh of those it strikes.
   Dex:       It affects your dexterity (+5).
Missiles
 e - 284 stones
 k - 25 sling bullets
 o - 3 boomerangs
Armour
 f - a scarf of harm
Jewellery
 b - a ring of positive energy (left front leg)
 p - a ring of flight (right front leg)
Wands
 t - a wand of iceblast (9)
Scrolls
 c - 2 scrolls of identify {unknown}
 g - a scroll of immolation {unknown}
 l - 2 scrolls of amnesia {unknown}
 n - a scroll of vulnerability {unknown}
 q - a scroll of noise {unknown}
 u - a scroll of teleportation {unknown}
Potions
 d - a potion of mutation {unknown}
 h - a potion of berserk rage {unknown}
 i - a potion of flight
 j - 2 potions of attraction {unknown}
 m - 3 potions of heal wounds {unknown}
 s - a potion of lignification {unknown}
 Z - a potion of haste {unknown}


   Skills:
 - Level 1.1 Fighting
 - Level 2.0 Dodging
 + Level 5.4 Unarmed Combat
 - Level 2.0 Spellcasting
 + Level 4.8 Transmutations
 * Level 2.7 Ice Magic
 + Level 4.4 Poison Magic


You had 2 spell levels left.
You knew the following spells:

 Your Spells              Type           Power      Damage    Failure   Level
a - Beastly Appendage     Tmut           30%        N/A       11%         1
b - Spider Form           Tmut/Pois      14%        N/A       26%         3
c - Ice Form              Ice/Tmut       12%        N/A       67%         4

Your spell library contained the following spells:

 Spells                   Type           Power      Damage    Failure   Level
 Wereblood                Tmut           15%        N/A       14%         2
 Apportation              Tloc           2%         N/A       45%         1
 Blink                    Tloc           2%         N/A       56%         2
 Dazzling Flash           Conj/Hex       2%         N/A       77%         3
 Lesser Beckoning         Tloc           1%         N/A       77%         3
 Alistair's Intoxication  Tmut/Pois      9%         N/A       85%         5
 Agony                    Necr           1%         N/A       100%        5
 Manifold Assault         Tloc           1%         N/A       100%        5
 Silence                  Hex/Air        0%         N/A       100%        5


Dungeon Overview and Level Annotations

Branches:
Dungeon (6/15)             Temple (1/1) D:4

Altars:
Ashenzari
Dithmenos
Elyvilon
Gozag
Hepliaklqana
Kikubaaqudgha
Makhleb
Okawaru
Qazlal
Ru
Sif Muna
Trog
Uskayaw
Vehumet
Wu Jian
Xom
Yredelemnul
Zin
The Shining One

Shops:
D:3 (   D:4 [

Annotations:
D:5 Menkaure, Pikel


Innate Abilities, Weirdness & Mutations

You are a venomous arachnid creature.
You have poisonous fangs.
You are tiny and dextrous.
Your spellcasting is less reliable in this form.
Your armour is entirely melded.
You are incapable of wielding weapons or throwing items.
((You can breathe blasts of fire.))
((Your fiery red scales are hard. (AC +6)))
You cannot fit into any form of body armour.
((Your flesh is heat resistant. (rF+)))
((You are cold-blooded and may be slowed by cold attacks.))


Message History

Found a scroll labelled KYELUO XOTA.
There is an open door here.
u - a scroll labelled KYELUO XOTA You reach down and open the door.
Found 18 gold pieces.
There is an open door here.
You now have 271 gold pieces (gained 18).
There is an open door here.
You reach down and open the door.
There is an open door here.
As you open the door, it creaks loudly!
There is an open door here.
There is an open door here.
Found a book of Maledictions.
A steam dragon comes into view.
The steam dragon hisses angrily.
Casting: Spider Form (dangerous; 11% risk of failure)
Confirm with . or Enter, or press ? or * to list all spells.
You turn into a venomous arachnid creature.
The steam dragon bites you! The steam dragon claws you.
You hit the steam dragon but do no damage.
The steam dragon is poisoned.
The steam dragon breathes steam at you. The ball of steam hits you!!
You hit the steam dragon.
The steam dragon looks even sicker.
The steam dragon is lightly wounded.
You are engulfed in a cloud of scalding steam.
The steam dragon barely misses you. x2
You bite the steam dragon!
The steam dragon looks as sick as possible!
The steam dragon is heavily wounded.
You are engulfed in a cloud of scalding steam.
* * * LOW HITPOINT WARNING * * *
The steam dragon bites you.
* * * LOW HITPOINT WARNING * * *
The steam dragon closely misses you.
It was a potion of flight.
You feel more buoyant.
You are engulfed in a cloud of scalding steam.
You die...

######...# ######.####
#.........# ####
#.####.##.#
##...##.####.##.#
##.....#.§.......#######
#......#.§##...........#
#...:..#..##..##.#####.#
#......#s.##...#.# #.#
#......D.........#####.##
#......#.........##...)..
#.#...###.###.##.##..#.##
#### #........##..#.#
#####.#####..#.## ##'##
#..#... ##...## #..###.
##.....###......


You could see a steam dragon (extremely poisoned, catching breath).

Vanquished Creatures
  An ice beast (D:4)
  A necrophage (D:3)
  A sky beast (D:6)
  3 ogres
  2 lemures (D:6)
  A phantom (D:4)
  A water moccasin skeleton (D:5)
  An iguana (D:4)
  2 orc wizards
  A gnoll (D:6)
  6 adders
  A dart slug (D:4)
  9 orcs
  8 bats
  6 endoplasms
  3 giant cockroaches (D:1)
  10 goblins
  9 hobgoblins
  6 jackals (D:1)
  8 kobolds
  3 quokkas
  4 ball pythons
  5 frilled lizards
  3 rats
95 creatures vanquished.

Notes
Turn   | Place    | Note
-------+----------+-------------------------------------------
     0 | D:1      | fragbeetle the Draconian Transmuter began the quest for the
                  | Orb.
     0 | D:1      | Reached XP level 1. HP: 16/16 MP: 3/3
    82 | D:1      | Reached XP level 2. HP: 21/23 MP: 1/5
   332 | D:1      | Found a faded altar of an unknown god.
   389 | D:1      | Reached XP level 3. HP: 20/28 MP: 6/6
   420 | D:1      | Learned a level 3 spell: Spider Form
  1289 | D:2      | Reached skill level 1 in Poison Magic
  1298 | D:2      | Reached XP level 4. HP: 35/35 MP: 5/7
  1816 | D:3      | Reached skill level 4 in Unarmed Combat
  2222 | D:3      | Found Dinol's Weapon Shoppe.
  2667 | D:4      | Noticed a necrophage
  2741 | D:3      | Killed a necrophage
  2742 | D:3      | Reached XP level 5. HP: 22/40 MP: 3/8
  2747 | D:3      | Learned a level 4 spell: Ice Form
  2900 | D:4      | Noticed a phantom
  3025 | D:4      | Found a white marble altar of Elyvilon.
  3322 | D:4      | Found a shimmering blue altar of Sif Muna.
  3674 | D:4      | Found a hide-covered altar of Uskayaw.
  3779 | D:4      | Found a staircase to the Ecumenical Temple.
  3788 | D:4      | Reached XP level 6. HP: 47/47 MP: 7/9
  3795 | Temple   | Entered the Ecumenical Temple
  3841 | Temple   | Became a worshipper of Makhleb the Destroyer
  4106 | D:4      | Identified the +10 whip of Impatience {venom, Dex+5}
  4131 | D:4      | Reached skill level 1 in Ice Magic
  4408 | D:4      | Found Sawnafol's Antique Armour Shop.
  4712 | D:5      | Entered Level 5 of the Dungeon
  4713 | D:5      | Found a sacrificial altar of Ru.
  4720 | D:5      | Noticed an ice beast
  4885 | D:5      | Reached skill level 5 in Unarmed Combat
  4885 | D:5      | Your scales start taking on a fiery red colour.
  4885 | D:5      | Reached XP level 7. HP: 49/52 MP: 8/10
  4885 | D:5      | Gained mutation: Your flesh is heat resistant. (rF+) [Red
                  | Draconian growth]
  4999 | D:5      | Noticed Menkaure
  5105 | D:5      | Noticed Pikel
  5673 | D:6      | Noticed a steam dragon
  5684 | D:6      | Engulfed by a steam dragon's steam

Illustrated notes

Levels and vault maps discovered:
D:1:      amcnicky_arrival_feature_with_door, layout_basic,
          hellmonk_ecumenical_altar_slurped_away, minmay_tromino_v2
D:2:      layout_basic, guppyfry_early_orc_mine
D:3:      layout_loops_ring, serial_shops, nicolae_lakefront_shop,
          grunt_ministairs_15
D:4:      layout_loops_corners, tgw_sif, nicolae_uskayaw_suspiria,
          nicolae_overflow_crystal_walls, minmay_temple_entry_drinking_statues,
          serial_shops, shop_fountains, kennysheep_generic_room_13
D:5:      layout_cave_pools, lemuel_crystal_altar, serial_shops,
          nicolae_shop_trees, uniq_pikel, uniq_menkaure
D:6:      layout_loops_corners, fedhas_altar_1
Temple:   regret_index_temple_generic_petals

Skill      XL: |  1  2  3  4  5  6  7 |
---------------+----------------------+-----
Dodging        | 2 |  2.0
Transmutations | 3 4 |  4.8
Poison Magic   | 1 2 4 |  4.4
Unarmed Combat | 4 5 |  5.4
Ice Magic      | 1 2 |  2.7
Fighting       | |  1.1
Spellcasting   | |  2.0

Action                   |  1- 3 |  4- 6 |  7- 9 || total
-------------------------+-------+-------+-------++-------
Melee: Unarmed           |   133 |   113 |    48 ||   294
       Kick              |    23 |    13 |       ||    36
       Headbutt          |    18 |     9 |       ||    27
       Tailslap          |     6 |     2 |       ||     8
       Punch             |       |     1 |       ||     1
 Fire: Hunting sling     |       |     7 |       ||     7
Throw: Boomerang         |       |     7 |       ||     7
 Cast: Beastly Appendage |    31 |    23 |     1 ||    55
       Spider Form       |       |     5 |     6 ||    11
  Use: Potion            |       |       |     1 ||     1
Armor: Skin              |    55 |    19 |     9 ||    83
Dodge: Dodged            |   109 |    77 |    33 ||   219

Table legend: (Time is in decaauts)
 A = Elapsed time spent in this place.
 B = Non-inter-level travel time spent in this place.
 C = Inter-level travel time spent in this place.
 D = Time resting spent in this place.
 E = Time spent auto-exploring this place.
 F = Levels seen in this place.
 G = Mean time per level.
                   A        B        C        D        E       F      G
               +--------+--------+--------+--------+--------+-----+--------+
         Total |   5670 |   5413 |    257 |    824 |   3076 |   7 |  810.0 |
       Dungeon |   5404 |   5167 |    237 |    824 |   2843 |   6 |  900.7 |
        Temple |    265 |    245 |     20 |      0 |    233 |   1 |  265.0 |
               +--------+--------+--------+--------+--------+-----+--------+

Top non-repeatable levels by time:
     D:4: 1942 daAuts
     D:3: 966 daAuts
     D:1: 935 daAuts
     D:2: 776 daAuts
     D:6: 565 daAuts
  Temple: 265 daAuts
     D:5: 219 daAuts
